 Dungeon Crawl Stone Soup version 0.31.0-9-g3a7656b989 (webtiles) character file.

Game seed: 17935944515304128248

63917 qw the Spry (level 14, -6/72 HPs)
             Began as a Spriggan Hunter on Feb 2, 2024.
             Was the Champion of Okawaru.
             Killed by divine providence
             ... invoked by a meliai
              (10 damage)
             ... on level 13 of the Dungeon.
             The game lasted 00:02:11 (15932 turns).

qw the Spry (Spriggan Hunter)                      Turns: 15932, Time: 00:02:11

Health: -6/72      AC: 12    Str:  7    XL:     14   Next: 69%
Magic:  22/22      EV: 32    Int: 11    God:    Okawaru [******]
Gold:   507        SH:  0    Dex: 29    Spells: 13/13 levels left

rFire   . . .        A - +1 hand cannon (elec)
rCold   . . .        (no shield)
rNeg    . . .        r - +0 swamp dragon scales
rPois   +            c - +1 hat
rElec   .            b - +2 cloak
rCorr   .            (gloves unavailable)
SInv    +            (boots unavailable)
Will    ++...        l - amulet of faith
Stlth   ++           s - +6 ring of dexterity
HPRegen 0.32/turn    d - +4 ring of slaying {mikee}
MPRegen 0.18/turn

%: faith
@: about to teleport, very quick
A: very small, no large weapons, unfitting armour, see invisible, speed 3
a: Renounce Religion, Heroism, Finesse, Duel


You were on level 13 of the Dungeon.
You worshipped Okawaru.
Okawaru was exalted by your worship.
You visited 3 branches of the dungeon, and saw 19 of its levels.
You also visited: Ossuary.

You collected 1365 gold pieces.
You spent 858 gold pieces at shops.


Innate Abilities, Weirdness & Mutations

You are very small and have problems with some larger weapons.
You are too small for most types of armour.
You have supernaturally acute eyesight. (SInv)
You cover ground extremely quickly. (Speed+++)


   Skills:
 + Level 7.4 Fighting
 - Level 18.0 Ranged Weapons
 - Level 3.0 Armour
 - Level 18.1 Dodging
 - Level 1.5 Stealth
 - Level 10.0 Invocations


You had 13 spell levels left.
You didn't know any spells.
Your spell library was empty.

Inventory:

Hand Weapons
 A - a +1 hand cannon of electrocution (weapon)
Armour
 b - a +2 cloak (worn)
 c - a +1 hat (worn)
 m - the +0 cloak "Anedavix" {rElec Str+3}
   (Okawaru gifted it to you on level 13 of the Dungeon)

   Str+3:     It affects your strength (+3).
   rElec:     It insulates you from electricity.
 r - +0 swamp dragon scales (worn)
 u - +3 steam dragon scales
Jewellery
 d - a +4 ring of slaying (right hand) {mikee}
 l - an amulet of faith (around neck)
 n - the amulet "Siorr" {Spirit rC+ rN+ Regen+}
   (You acquired it on level 7 of the Dungeon)

   [amulet of guardian spirit]

   Spirit:    It causes incoming damage to be divided between your reserves of
   health and magic.
   rC+:       It protects you from cold.
   rN+:       It protects you from negative energy.
   Regen+:    It increases your rate of health regeneration.
 o - a ring of fire
 q - the ring "Yrutiw" {rC- Will+ rCorr Int+4 Stlth+}
   (You found it on level 13 of the Dungeon)

   [ring of willpower]

   Int+4:     It affects your intelligence (+4).
   rC-:       It makes you vulnerable to cold.
   Will+:     It increases your willpower.
   rCorr:     It protects you from acid and corrosion.
   Stlth+:    It makes you more stealthy.
 s - a +6 ring of dexterity (left hand)
 y - an amulet of reflection
 Y - a ring of poison resistance
Wands
 a - a wand of paralysis (2)
 t - a wand of iceblast (9)
 v - a wand of polymorph (7)
 w - a wand of quicksilver (10)
Scrolls
 e - a scroll of identify
 f - 2 scrolls of teleportation
Potions
 g - a potion of haste
 h - a potion of resistance
 i - 7 potions of mutation
 j - 2 potions of magic
 k - 8 potions of curing
 p - a potion of might
 x - 3 potions of heal wounds
 z - 2 potions of enlightenment

Dungeon Overview and Level Annotations

Branches:
Dungeon (13/15)            Temple (1/1) D:5            Lair (5/5) D:8
 Shoals (0/4) Lair:2        Snake (0/4) Lair:3        Slime (0/5) Lair:5
    Orc (0/2) D:10         Vaults (0/5) D:13        Ossuary (visited)

Altars:
Ashenzari
Cheibriados
Dithmenos
Elyvilon
Fedhas
Gozag
Hepliaklqana
Kikubaaqudgha
Makhleb
Nemelex Xobeh
Okawaru
Qazlal
Ru
Sif Muna
Trog
Uskayaw
Vehumet
Wu Jian
Xom
Yredelemnul
Zin
The Shining One

Shops:
D:3 (   D:5 [   D:10 =

Portals:
Bailey: D:9

Annotations:
D:6 exclusion: electric eel
Lair:2 2 transporters, exclusion: oklob plant, qw's ghost, novice DEHu
Lair:5 2 runed translucent doors


Message History

The killer bee stings you. The killer bee misses you.
The killer bee closely misses you.
The killer bee completely misses you. x2
You shoot a bolt. The bolt misses the killer bee. x2
The bolt barely misses the killer bee.
You feel sick.
You hear an angry buzzing noise.
The killer bee misses you. The killer bee barely misses you.
The meliai mumbles some strange prayers to its god against you.
Something smites you! The killer bee completely misses you.
The killer bee stings you but does no damage.
You shoot a bolt. The bolt barely misses the killer bee.
The bolt hits the killer bee!
The killer bee is moderately wounded.
You feel sick.
You hear an angry buzzing noise.
The killer bee misses you.
The killer bee completely misses you. x2
The killer bee misses you. x2
The meliai calls upon its god to heal the killer bee.
The killer bee's wounds heal themselves!
The killer bee completely misses you.
You shoot a bolt. The bolt hits the killer bee!!
Lightning courses through the killer bee!
You kill the killer bee!
Okawaru accepts your kill.
You feel sick. The killer bee completely misses you.
The meliai completely misses you. x2
The meliai calls down the wrath of its god upon you.
Something smites you! The killer bee completely misses you.
You hear an angry buzzing noise.
15932 ||| READING 3 scrolls of teleportation.
As you read the scroll of teleportation, it crumbles to dust.
You feel strangely unstable.
You feel sick.
You are no longer poisoned.
You hear an angry buzzing noise.
The killer bee completely misses you. The meliai completely misses you.
The meliai stings you.
The meliai invokes the aid of its god against you.
Something smites you!
You die... ...yy.!.# +....... y....y.+ #....... .yy!..# #....... yy%..# #....... yy.y# #....... .yy# ####'### ###y# #####.# #yyy#

#.....# ###@###
#.##### #.000.#
##'####### #.....#
#......... #.....#
#......... #.....#
#......... #.....#
#.........
#.....#####.........
#.....'...'.........
#.....#####.........


You could see 3 meliai and 4 killer bees.

Vanquished Creatures
  Jorgrun (D:12)
  Gastronok (Lair:1)
  Josephine (D:12)
  5 hydras
  A vault guard (D:13)
  Erolcha (D:10)
  A catoblepas (Lair:3)
  9 two-headed ogres
  2 boulder beetles
  A dancing weapon (D:13)
  9 death yaks
  A fire crab (Lair:5)
  2 deep elf pyromancers
  A manticore (D:9)
  An ugly thing (D:8)
  A merfolk siren (Lair:2)
  11 elephants
  2 cyclopes
  11 black mambas
  10 cane toads
  Maggie (Lair:2)
  2 molten gargoyles (Lair:5)
  A torpor snail (Lair:3)
  A rime drake (Lair:3)
  2 unseen horrors
  17 komodo dragons
  5 trolls
  3 merfolk (Lair:2)
  A polar bear (Lair:3)
  7 dream sheep
  10 blink frogs
  2 slime creatures (Lair:5)
  A shadow (D:12)
  A vampire (D:12)
  2 steam dragons
  6 wraiths (D:12)
  5 wyverns
  42 yaks
  2 basilisks
  3 vampire mosquitoes (D:12)
  Menkaure (D:5)
  3 acid dragons (D:11)
  4 hell hounds (Lair:5)
  15 water moccasins
  3 sky beasts
  7 black bears
  An orc warrior (D:9)
  2 ice beasts
  6 wolves (Lair:1)
  5 centaurs
  14 ogres (D:10)
  4 phantoms
  3 kobold brigands
  14 bullfrogs
  A gnoll sergeant (D:9)
  2 scorpions
  9 wights
  26 killer bees
  An electric eel (D:10)
  4 howler monkeys
  4 bombardier beetles
  5 lava snakes (Lair:5)
  A hound (D:5)
  2 jellies (Lair:5)
  7 orc priests
  A human zombie (Ossuary)
  Ijyb (D:5)
  An iguana (D:5)
  15 orc wizards
  4 mummies (Ossuary)
  7 gnolls
  9 adders
  2 white imps (D:6)
  7 ufetubi
  An adder zombie (Ossuary)
  A ribbon worm (D:3)
  3 dart slugs
  28 orcs
  3 ball pythons
  8 bats
  8 endoplasms
  3 giant cockroaches
  9 goblins
  8 hobgoblins
  14 kobolds
  4 quokkas
  3 frilled lizards
  A goblin zombie (Ossuary)
  2 hobgoblin zombies (Ossuary)
  5 kobold zombies (Ossuary)
  7 rats
  2 rat zombies (Ossuary)
487 creatures vanquished.

Vanquished Creatures (others)
  An orc wizard (D:5)
1 creature vanquished.

Grand Total: 488 creatures vanquished

Notes
Turn   | Place    | Note
-------+----------+-------------------------------------------
     0 | D:1      | qw the Spriggan Hunter began the quest for the Orb.
     0 | D:1      | Reached XP level 1. HP: 10/10 MP: 2/2
     0 | D:1      | 0 ||| qw: Version: 0.3-a-155-g5e7d8dd
     0 | D:1      | 0 ||| qw: Game counter: 2454
     0 | D:1      | 0 ||| qw: Melee chars always use a shield: true
     0 | D:1      | 0 ||| qw: God list: Okawaru
     0 | D:1      | 0 ||| qw: Allow faded altars: false
     0 | D:1      | 0 ||| qw: Do Orc after clearing Dungeon:15 true
     0 | D:1      | 0 ||| qw: Do second Lair branch before Depths: true
     0 | D:1      | 0 ||| qw: Lair rune preference: random
     0 | D:1      | 0 ||| qw: Goals: Normal
     0 | D:1      | 0 ||| PLANNING D:1-11
    11 | D:1      | Reached skill level 3 in Dodging
    34 | D:1      | Reached XP level 2. HP: 14/14 MP: 3/3
   504 | D:1      | Reached XP level 3. HP: 18/18 MP: 4/4
   605 | D:1      | 605 ||| UPGRADING to amulet of regeneration.
   610 | D:1      | 610 ||| READING 3 scrolls labelled ERIGEH OTOMPA.
   610 | D:1      | 610 ||| IDENTIFYING scroll labelled HULYIN YHEQU
   611 | D:1      | 611 ||| READING 2 scrolls of identify.
   611 | D:1      | 611 ||| IDENTIFYING scroll labelled VUOSI VAITE
   612 | D:1      | 612 ||| DROPPING scroll of butterflies.
   637 | D:2      | 637 ||| STAIRDANCE
   642 | D:2      | 642 ||| STAIRDANCE
  1055 | D:2      | 1055 ||| UPGRADING to ring of poison resistance.
  1056 | D:2      | 1056 ||| READING 4 scrolls of identify.
  1056 | D:2      | 1056 ||| IDENTIFYING clear potion
  1057 | D:2      | 1057 ||| READING 3 scrolls of identify.
  1057 | D:2      | 1057 ||| IDENTIFYING white potion
  1058 | D:2      | 1058 ||| READING 2 scrolls of identify.
  1058 | D:2      | 1058 ||| IDENTIFYING scroll labelled IMEUSHR IT KES
  1059 | D:2      | 1059 ||| READING scroll of identify.
  1059 | D:2      | 1059 ||| IDENTIFYING scroll labelled PANI OWOISATZ
  1060 | D:2      | 1060 ||| READING scroll labelled OTIUNU NEVAIGH.
  1161 | D:2      | 1161 ||| READING scroll labelled PIEHATZ EHUWY.
  1162 | D:2      | 1162 ||| DROPPING scroll of poison.
  1163 | D:2      | 1163 ||| DROPPING scroll of amnesia.
  1297 | D:3      | Found Sibig's Weapon Boutique.
  1325 | D:3      | Reached XP level 4. HP: 22/22 MP: 5/5
  1366 | D:3      | 1366 ||| FLEEEEING.
  1368 | D:3      | 1368 ||| FLEEEEING.
  1376 | D:3      | 1376 ||| FLEEEEING.
  1377 | D:3      | 1377 ||| FLEEEEING.
  1378 | D:3      | 1378 ||| FLEEEEING.
  1379 | D:3      | 1379 ||| FLEEEEING.
  1380 | D:3      | 1380 ||| FLEEEEING.
  1558 | D:3      | Identified the +0 leather armour of Infinity {rElec Will+}
  1571 | D:3      | Reached XP level 5. HP: 26/26 MP: 6/6
  1594 | D:3      | Found a hazy altar of Hepliaklqana.
  1602 | D:3      | Found a shadowy altar of Dithmenos.
  1604 | D:3      | Found an ornate altar of the Wu Jian Council.
  1606 | D:3      | Found a hide-covered altar of Uskayaw.
  1606 | D:3      | Found a snail-covered altar of Cheibriados.
  1608 | D:3      | Found an opulent altar of Gozag.
  1612 | D:3      | Found a sacrificial altar of Ru.
  2029 | D:3      | 2029 ||| UPGRADING to +4 ring of slaying {mikee}.
  2030 | D:3      | 2030 ||| READING 2 scrolls of identify.
  2030 | D:3      | 2030 ||| IDENTIFYING yellow potion
  2031 | D:3      | 2031 ||| READING scroll of identify.
  2031 | D:3      | 2031 ||| IDENTIFYING black potion
  2032 | D:3      | 2032 ||| READING scroll labelled VUZ QIQAXUMO.
  2033 | D:3      | 2033 ||| READING scroll labelled TIT LYCKOSY.
  2033 | D:3      | 2033 ||| ENCHANTING +0 shortbow.
  2785 | D:5      | Entered Level 5 of the Dungeon
  2787 | D:5      | 2787 ||| STAIRDANCE
  2805 | D:5      | HP: 5/26 [ufetubus (3)]
  2806 | D:5      | 2806 ||| READING 6 scrolls of teleportation.
  2806 | D:5      | HP: 2/26 [ufetubus (4)]
  2807 | D:5      | 2807 ||| DRINKING potion of heal wounds.
  2865 | D:5      | Reached skill level 6 in Ranged Weapons
  2900 | D:5      | Noticed a phantom
  2912 | D:5      | Killed a phantom
  2913 | D:5      | Reached skill level 6 in Dodging
  2913 | D:5      | Reached XP level 6. HP: 27/30 MP: 7/7
  3131 | D:5      | Found a staircase to the Ecumenical Temple.
  3132 | D:5      | 3132 ||| PLANNING TEMPLE
  3134 | D:5      | 3134 ||| UPGRADING to +0 cloak.
  3139 | D:5      | 3139 ||| READING 3 scrolls of enchant armour.
  3139 | D:5      | 3139 ||| ENCHANTING +0 cloak.
  3140 | D:5      | 3140 ||| READING 2 scrolls of enchant armour.
  3140 | D:5      | 3140 ||| ENCHANTING +1 cloak.
  3147 | Temple   | Entered the Ecumenical Temple
  3148 | Temple   | 3148 ||| PLANNING OKAWARU WORSHIP
  3156 | Temple   | Became a worshipper of Warmaster Okawaru
  3157 | Temple   | 3157 ||| PLANNING D:1-11
  3221 | D:5      | Noticed Menkaure
  3224 | D:5      | Killed Menkaure
  3225 | D:5      | Reached XP level 7. HP: 35/35 MP: 8/8
  3249 | D:5      | Found a radiant altar of Vehumet.
  3255 | D:5      | Found an ancient bone altar of Kikubaaqudgha.
  3284 | D:5      | Reached * piety under Okawaru
  3305 | D:5      | Found a shimmering blue altar of Sif Muna.
  3363 | D:5      | Reached skill level 1 in Invocations
  3647 | D:5      | Found Hogoguba's Antique Armour Shop.
  3649 | D:5      | Noticed Ijyb
  3655 | D:5      | Killed Ijyb
  3746 | D:6      | 3746 ||| PLANNING OSSUARY
  3764 | D:6      | Reached XP level 8. HP: 39/39 MP: 9/11
  3799 | D:6      | Reached skill level 3 in Invocations
  3806 | D:6      | Reached ** piety under Okawaru
  3904 | D:6      | HP: 8/39 [electric eel/bolt of electricity (14)]
  3905 | D:6      | 3905 ||| READING 5 scrolls of teleportation.
  3946 | D:6      | 3946 ||| INVOKING Heroism.
  3952 | D:6      | Reached skill level 3 in Fighting
  4295 | D:6      | Found a sand-covered staircase.
  4296 | D:6      | 4296 ||| DROPPING amulet of magic regeneration.
  4303 | D:6      | Reached skill level 9 in Ranged Weapons
  4310 | Ossuary  | Entered an ossuary
  4484 | Ossuary  | 4484 ||| READING scroll labelled QOMETO WUWEHY.
  4485 | Ossuary  | 4485 ||| READING 2 scrolls labelled YVIPPUASCHONO.
  4486 | Ossuary  | 4486 ||| READING scroll labelled ESEUFOU ROYHOPE.
  4487 | Ossuary  | 4487 ||| DRINKING 2 sapphire potions.
  4488 | Ossuary  | 4488 ||| DROPPING scroll of fear.
  4489 | Ossuary  | 4489 ||| DROPPING potion of invisibility.
  4503 | D:6      | 4503 ||| PLANNING D:1-11
  4557 | D:6      | Reached XP level 9. HP: 44/44 MP: 13/13
  4560 | D:6      | Reached skill level 9 in Dodging
  4768 | D:6      | 4768 ||| SWAPPING to +0 arbalest.
  4769 | D:6      | 4769 ||| DROPPING +1 shortbow.
  4780 | D:6      | Reached *** piety under Okawaru
  4972 | D:6      | 4972 ||| DROPPING wand of flame (17).
  5064 | D:7      | 5064 ||| Stepping ~*~*~tactically~*~*~ (cloud).
  5065 | D:7      | 5065 ||| Stepping ~*~*~tactically~*~*~ (cloud).
  5067 | D:7      | 5067 ||| Stepping ~*~*~tactically~*~*~ (cloud).
  5224 | D:7      | 5224 ||| RETREEEEATING.
  5226 | D:7      | 5226 ||| RETREEEEATING.
  5227 | D:7      | 5227 ||| RETREEEEATING.
  5228 | D:7      | 5228 ||| RETREEEEATING.
  5229 | D:7      | 5229 ||| RETREEEEATING.
  5230 | D:7      | 5230 ||| RETREEEEATING.
  5554 | D:7      | Noticed a troll
  5555 | D:7      | 5555 ||| INVOKING Heroism.
  5559 | D:7      | Killed a troll
  5608 | D:7      | 5608 ||| RETREEEEATING.
  5609 | D:7      | 5609 ||| RETREEEEATING.
  5756 | D:7      | 5756 ||| READING 2 scrolls of identify.
  5756 | D:7      | 5756 ||| IDENTIFYING cyan potion
  5757 | D:7      | 5757 ||| READING scroll of identify.
  5757 | D:7      | 5757 ||| IDENTIFYING red potion
  5758 | D:7      | 5758 ||| READING scroll labelled KERYGG TEOSSIE.
  5758 | D:7      | Identified a scroll of acquirement
  5758 | D:7      | 5758 ||| ACQUIRING amulet "Siorr" {Spirit rC+ rN+ Regen+}
  5758 | D:7      | Acquired the amulet "Siorr" {Spirit rC+ rN+ Regen+}
  5760 | D:7      | 5760 ||| DROPPING potion of brilliance.
  5798 | D:8      | Noticed a komodo dragon
  5799 | D:8      | 5799 ||| INVOKING Heroism.
  5813 | D:8      | Killed a komodo dragon
  5813 | D:8      | Reached **** piety under Okawaru
  5819 | D:8      | 5819 ||| RETREEEEATING.
  5820 | D:8      | 5820 ||| RETREEEEATING.
  5821 | D:8      | 5821 ||| RETREEEEATING.
  5822 | D:8      | 5822 ||| RETREEEEATING.
  5823 | D:8      | 5823 ||| RETREEEEATING.
  5824 | D:8      | 5824 ||| RETREEEEATING.
  5825 | D:8      | 5825 ||| RETREEEEATING.
  5826 | D:8      | 5826 ||| RETREEEEATING.
  5827 | D:8      | 5827 ||| RETREEEEATING.
  5839 | D:8      | 5839 ||| RETREEEEATING.
  5840 | D:8      | 5840 ||| RETREEEEATING.
  5841 | D:8      | 5841 ||| RETREEEEATING.
  5842 | D:8      | 5842 ||| RETREEEEATING.
  5843 | D:8      | 5843 ||| RETREEEEATING.
  5844 | D:8      | 5844 ||| RETREEEEATING.
  5845 | D:8      | 5845 ||| RETREEEEATING.
  5846 | D:8      | 5846 ||| RETREEEEATING.
  5856 | D:8      | Reached XP level 10. HP: 35/49 MP: 14/14
  5900 | D:8      | 5900 ||| RETREEEEATING.
  6053 | D:8      | Noticed a brown ugly thing
  6054 | D:8      | 6054 ||| INVOKING Finesse.
  6059 | D:8      | Killed a brown ugly thing
  6240 | D:8      | Found a staircase to the Lair.
  6244 | D:8      | 6244 ||| RETREEEEATING.
  6248 | D:8      | Reached skill level 12 in Dodging
  6248 | D:8      | 6248 ||| INVOKING Finesse.
  6270 | D:8      | 6270 ||| INVOKING Heroism.
  6275 | D:8      | 6275 ||| RETREEEEATING.
  6289 | D:8      | Reached skill level 6 in Invocations
  6297 | D:8      | Reached skill level 12 in Ranged Weapons
  6299 | D:8      | 6299 ||| INVOKING Finesse.
  6811 | D:8      | 6811 ||| PLANNING LAIR
  6811 | D:8      | 6811 ||| UPGRADING to +0 steam dragon scales.
  6821 | D:8      | 6821 ||| DROPPING +0 robe.
  6822 | D:8      | 6822 ||| READING 2 scrolls of enchant armour.
  6822 | D:8      | 6822 ||| ENCHANTING +0 steam dragon scales.
  6823 | D:8      | 6823 ||| READING scroll of enchant armour.
  6823 | D:8      | 6823 ||| ENCHANTING +1 steam dragon scales.
  6824 | D:8      | 6824 ||| READING scroll of identify.
  6824 | D:8      | 6824 ||| IDENTIFYING orange potion
  6825 | D:8      | 6825 ||| DRINKING 2 inky potions.
  6826 | D:8      | 6826 ||| DROPPING potion of attraction.
  6857 | Lair:1   | Entered Level 1 of the Lair of Beasts
  6928 | Lair:1   | 6928 ||| RETREEEEATING.
  6929 | Lair:1   | 6929 ||| RETREEEEATING.
  6930 | Lair:1   | 6930 ||| RETREEEEATING.
  6931 | Lair:1   | 6931 ||| RETREEEEATING.
  6932 | Lair:1   | 6932 ||| RETREEEEATING.
  6933 | Lair:1   | 6933 ||| RETREEEEATING.
  6934 | Lair:1   | 6934 ||| RETREEEEATING.
  6936 | Lair:1   | 6936 ||| RETREEEEATING.
  6937 | Lair:1   | 6937 ||| RETREEEEATING.
  6938 | Lair:1   | 6938 ||| RETREEEEATING.
  6951 | Lair:1   | Reached XP level 11. HP: 54/54 MP: 17/17
  6955 | Lair:1   | 6955 ||| RETREEEEATING.
  6956 | Lair:1   | 6956 ||| RETREEEEATING.
  6957 | Lair:1   | 6957 ||| RETREEEEATING.
  6958 | Lair:1   | 6958 ||| RETREEEEATING.
  6959 | Lair:1   | 6959 ||| RETREEEEATING.
  6960 | Lair:1   | 6960 ||| RETREEEEATING.
  6961 | Lair:1   | 6961 ||| RETREEEEATING.
  6962 | Lair:1   | 6962 ||| RETREEEEATING.
  6963 | Lair:1   | 6963 ||| RETREEEEATING.
  6964 | Lair:1   | 6964 ||| RETREEEEATING.
  6965 | Lair:1   | 6965 ||| RETREEEEATING.
  6966 | Lair:1   | 6966 ||| RETREEEEATING.
  6967 | Lair:1   | 6967 ||| RETREEEEATING.
  6968 | Lair:1   | 6968 ||| RETREEEEATING.
  6969 | Lair:1   | 6969 ||| RETREEEEATING.
  6970 | Lair:1   | 6970 ||| RETREEEEATING.
  6971 | Lair:1   | 6971 ||| RETREEEEATING.
  6972 | Lair:1   | 6972 ||| RETREEEEATING.
  6973 | Lair:1   | 6973 ||| RETREEEEATING.
  6974 | Lair:1   | 6974 ||| RETREEEEATING.
  6975 | Lair:1   | 6975 ||| RETREEEEATING.
  6976 | Lair:1   | 6976 ||| RETREEEEATING.
  6977 | Lair:1   | 6977 ||| RETREEEEATING.
  6978 | Lair:1   | 6978 ||| RETREEEEATING.
  6979 | Lair:1   | 6979 ||| RETREEEEATING.
  6981 | Lair:1   | 6981 ||| RETREEEEATING.
  6983 | Lair:1   | Reached skill level 1 in Armour
  6985 | Lair:1   | 6985 ||| RETREEEEATING.
  7046 | Lair:1   | Noticed Gastronok
  7047 | Lair:1   | 7047 ||| INVOKING Finesse.
  7055 | Lair:1   | Killed Gastronok
  7077 | Lair:1   | Reached ***** piety under Okawaru
  7260 | Lair:1   | Reached skill level 9 in Invocations
  7315 | Lair:1   | HP: 8/55 [komodo dragon (12)]
  7316 | Lair:1   | 7316 ||| READING 4 scrolls of teleportation.
  7317 | Lair:1   | 7317 ||| DRINKING 2 potions of heal wounds.
  7338 | Lair:1   | Received a gift from Okawaru
  7487 | Lair:1   | 7487 ||| UPGRADING to +1 hat.
  7492 | Lair:1   | 7492 ||| READING scroll labelled RICIAF QOEHITI.
  7629 | Lair:2   | Noticed a death yak
  7629 | Lair:2   | 7629 ||| ZAPPING wand of quicksilver (10) at -7,-1 (death
                  | yak; floor).
  7630 | Lair:2   | Noticed a death yak
  7630 | Lair:2   | 7630 ||| ZAPPING wand of quicksilver (9) at -7,-1 (death
                  | yak; floor).
  7631 | Lair:2   | 7631 ||| ZAPPING wand of quicksilver (8) at -7,-1 (death
                  | yak; floor).
  7631 | Lair:2   | Noticed a death yak
  7632 | Lair:2   | 7632 ||| INVOKING Finesse.
  7633 | Lair:2   | 7633 ||| INVOKING Finesse.
  7639 | Lair:2   | Killed a death yak
  7647 | Lair:2   | Killed a death yak
  7653 | Lair:2   | HP: 10/55 [death yak (17)]
  7654 | Lair:2   | 7654 ||| READING 3 scrolls of teleportation.
  7655 | Lair:2   | 7655 ||| DRINKING potion of heal wounds.
  7717 | Lair:2   | 7717 ||| READING scroll of enchant weapon.
  7717 | Lair:2   | 7717 ||| ENCHANTING +0 arbalest.
  7760 | Lair:2   | Received a gift from Okawaru
  7789 | Lair:2   | 7789 ||| INVOKING Finesse.
  7798 | Lair:2   | Reached XP level 12. HP: 60/60 MP: 15/20
  7799 | Lair:2   | Killed a death yak
  7886 | Lair:2   | Found a transporter.
  7887 | Lair:2   | Noticed qw's ghost (novice DEHu)
  8058 | Lair:2   | Found a staircase to the Shoals.
  8076 | Lair:2   | HP: 8/60 [merfolk/+0 trident (17)]
  8077 | Lair:2   | 8077 ||| READING 2 scrolls of teleportation.
  8079 | Lair:2   | HP: 3/60 [merfolk/+0 trident (9)]
  8171 | Lair:2   | Found a transporter.
  8192 | Lair:2   | 8192 ||| RETREEEEATING.
  8193 | Lair:2   | 8193 ||| RETREEEEATING.
  8255 | Lair:2   | Noticed a death yak
  8256 | Lair:2   | 8256 ||| RETREEEEATING.
  8257 | Lair:2   | 8257 ||| RETREEEEATING.
  8258 | Lair:2   | 8258 ||| RETREEEEATING.
  8259 | Lair:2   | 8259 ||| RETREEEEATING.
  8270 | Lair:2   | Received a gift from Okawaru
  8535 | Lair:2   | 8535 ||| INVOKING Finesse.
  8541 | Lair:2   | Killed a death yak
  8679 | Lair:2   | Noticed Maggie
  8686 | Lair:2   | Killed Maggie
  8725 | Lair:2   | 8725 ||| READING scroll labelled VUHURI MAOCHYO.
  8725 | Lair:2   | 8725 ||| BRANDING +1 arbalest.
  8804 | Lair:3   | Reached skill level 6 in Fighting
  8805 | Lair:3   | 8805 ||| RETREEEEATING.
  8808 | Lair:3   | 8808 ||| INVOKING Finesse.
  8878 | Lair:3   | Reached skill level 15 in Dodging
  8898 | Lair:3   | Noticed a catoblepas
  8899 | Lair:3   | 8899 ||| INVOKING Finesse.
  8901 | Lair:3   | 8901 ||| Stepping ~*~*~tactically~*~*~ (cloud).
  8909 | Lair:3   | Killed a catoblepas
  9054 | Lair:3   | 9054 ||| INVOKING Finesse.
  9086 | Lair:3   | Found a hide-covered altar of Uskayaw.
  9086 | Lair:3   | Found an ornate altar of the Wu Jian Council.
  9086 | Lair:3   | Noticed a boulder beetle
  9087 | Lair:3   | 9087 ||| INVOKING Finesse.
  9101 | Lair:3   | Killed a boulder beetle
  9153 | Lair:3   | Found a staircase to the Snake Pit.
  9270 | Lair:3   | Noticed a death yak
  9270 | Lair:3   | Noticed a death yak
  9271 | Lair:3   | 9271 ||| INVOKING Finesse.
  9282 | Lair:3   | Killed a death yak
  9283 | Lair:3   | Reached skill level 15 in Ranged Weapons
  9288 | Lair:3   | Killed a death yak
  9288 | Lair:3   | Received a gift from Okawaru
  9289 | Lair:3   | Reached XP level 13. HP: 65/65 MP: 16/21
  9717 | Lair:4   | 9717 ||| RETREEEEATING.
 10210 | Lair:5   | Entered Level 5 of the Lair of Beasts
 10212 | Lair:5   | 10212 ||| INVOKING Finesse.
 10216 | Lair:5   | 10216 ||| STAIRDANCE
 10262 | Lair:5   | 10262 ||| STAIRDANCE
 10309 | Lair:5   | 10309 ||| STAIRDANCE
 10395 | Lair:5   | Found a staircase to the Slime Pits.
 10533 | Lair:5   | 10533 ||| RETREEEEATING.
 10571 | Lair:5   | Found a shadowy altar of Dithmenos.
 10614 | Lair:5   | 10614 ||| RETREEEEATING.
 10615 | Lair:5   | 10615 ||| RETREEEEATING.
 10616 | Lair:5   | 10616 ||| RETREEEEATING.
 10617 | Lair:5   | 10617 ||| RETREEEEATING.
 10618 | Lair:5   | 10618 ||| RETREEEEATING.
 10619 | Lair:5   | 10619 ||| RETREEEEATING.
 10622 | Lair:5   | 10622 ||| RETREEEEATING.
 10627 | Lair:5   | Received a gift from Okawaru
 10707 | Lair:5   | 10707 ||| RETREEEEATING.
 10708 | Lair:5   | 10708 ||| RETREEEEATING.
 10709 | Lair:5   | 10709 ||| RETREEEEATING.
 10711 | Lair:5   | 10711 ||| RETREEEEATING.
 10712 | Lair:5   | 10712 ||| RETREEEEATING.
 10718 | Lair:5   | 10718 ||| INVOKING Finesse.
 10834 | Lair:5   | 10834 ||| READING scroll of enchant weapon.
 10834 | Lair:5   | 10834 ||| ENCHANTING +1 arbalest of draining.
 10957 | Lair:5   | 10957 ||| RETREEEEATING.
 10977 | Lair:5   | HP: 16/67 [six-headed hydra (1)]
 10978 | Lair:5   | 10978 ||| READING 2 scrolls of teleportation.
 10980 | Lair:5   | Received a gift from Okawaru
 11053 | Lair:5   | 11053 ||| Stepping ~*~*~tactically~*~*~ (cloud).
 11181 | Lair:5   | 11181 ||| RETREEEEATING.
 11182 | Lair:5   | 11182 ||| RETREEEEATING.
 11183 | Lair:5   | 11183 ||| RETREEEEATING.
 11184 | Lair:5   | 11184 ||| RETREEEEATING.
 11185 | Lair:5   | 11185 ||| RETREEEEATING.
 11185 | Lair:5   | Noticed a fire dragon
 11186 | Lair:5   | 11186 ||| RETREEEEATING.
 11187 | Lair:5   | 11187 ||| RETREEEEATING.
 11188 | Lair:5   | 11188 ||| RETREEEEATING.
 11189 | Lair:5   | 11189 ||| RETREEEEATING.
 11190 | Lair:5   | 11190 ||| RETREEEEATING.
 11200 | Lair:5   | 11200 ||| RETREEEEATING.
 11201 | Lair:5   | 11201 ||| RETREEEEATING.
 11203 | Lair:5   | 11203 ||| RETREEEEATING.
 11204 | Lair:5   | 11204 ||| RETREEEEATING.
 11251 | Lair:5   | Found a large runed translucent door.
 11251 | Lair:5   | Found a large runed translucent door.
 11506 | Lair:5   | 11506 ||| PLANNING D:1-11
 11506 | Lair:5   | 11506 ||| READING 4 scrolls of identify.
 11506 | Lair:5   | 11506 ||| IDENTIFYING lumpy golden potion
 11528 | Lair:5   | 11528 ||| READING 3 scrolls of identify.
 11528 | Lair:5   | 11528 ||| IDENTIFYING scroll labelled ZEXZISUXZO
 11529 | Lair:5   | 11529 ||| DROPPING potion of degeneration.
 11530 | Lair:5   | 11530 ||| DROPPING scroll of silence.
 11745 | D:9      | Found a shimmering altar of Xom.
 11799 | D:9      | Found a flagged portal.
 11803 | D:9      | Reached XP level 14. HP: 72/72 MP: 22/22
 11859 | D:9      | Found a glowing golden altar of the Shining One.
 11894 | D:9      | Received a gift from Okawaru
 12021 | D:9      | 12021 ||| RETREEEEATING.
 12022 | D:9      | 12022 ||| RETREEEEATING.
 12023 | D:9      | 12023 ||| RETREEEEATING.
 12421 | D:9      | 12421 ||| READING 3 scrolls of identify.
 12421 | D:9      | 12421 ||| IDENTIFYING grey potion
 12422 | D:9      | 12422 ||| READING 2 scrolls of identify.
 12422 | D:9      | 12422 ||| IDENTIFYING scroll labelled YKOOSYICSA
 12423 | D:9      | 12423 ||| DROPPING scroll of immolation.
 12436 | D:10     | Entered Level 10 of the Dungeon
 12464 | D:10     | Found Seloplin's Jewellery Shop.
 12481 | D:10     | 12481 ||| BUYING +4 ring of protection (468 gold).
 12481 | D:10     | Bought a +4 ring of protection for 468 gold pieces
 12481 | D:10     | 12481 ||| SHOPLISTING +6 ring of dexterity (468 gold, have
                  | 443).
 12481 | D:10     | 12481 ||| BUYING amulet of reflection (390 gold).
 12481 | D:10     | Bought an amulet of reflection for 390 gold pieces
 12481 | D:10     | 12481 ||| SHOPLISTING ring of poison resistance (260 gold,
                  | have 53).
 12481 | D:10     | 12481 ||| SHOPLISTING ring of protection from fire (325
                  | gold, have 53).
 12525 | D:10     | You fall into a shaft and drop 1 floor!
 12554 | D:11     | 12554 ||| UPGRADING to amulet of reflection.
 12564 | D:11     | 12564 ||| DROPPING amulet of regeneration.
 12565 | D:11     | 12565 ||| DROPPING ring of ice.
 12874 | D:10     | Found a staircase to the Orcish Mines.
 13260 | D:10     | Noticed Erolcha
 13264 | D:10     | Received a gift from Okawaru
 13278 | D:10     | Killed Erolcha
 13279 | D:10     | Reached skill level 18 in Dodging
 13733 | D:10     | 13733 ||| UPGRADING to amulet of faith.
 13743 | D:10     | 13743 ||| READING 2 scrolls of identify.
 13743 | D:10     | 13743 ||| IDENTIFYING lumpy amethyst potion
 14157 | D:11     | 14157 ||| READING scroll of enchant weapon.
 14157 | D:11     | 14157 ||| ENCHANTING +2 arbalest of draining.
 14488 | D:11     | 14488 ||| PLANNING D
 14488 | D:11     | 14488 ||| DROPPING ring of positive energy.
 14489 | D:11     | 14489 ||| READING scroll of identify.
 14489 | D:11     | 14489 ||| IDENTIFYING fuming green potion
 14490 | D:11     | 14490 ||| DROPPING potion of lignification.
 14574 | D:12     | Noticed Jorgrun
 14575 | D:12     | 14575 ||| INVOKING Finesse.
 14585 | D:12     | Killed Jorgrun
 14655 | D:12     | Received a gift from Okawaru
 14679 | D:12     | Noticed Josephine
 14691 | D:12     | 14691 ||| RETREEEEATING.
 14692 | D:12     | Killed Josephine
 14693 | D:12     | 14693 ||| RETREEEEATING.
 14939 | D:12     | 14939 ||| READING scroll of enchant armour.
 14939 | D:12     | 14939 ||| ENCHANTING +2 steam dragon scales.
 15000 | D:12     | Reached skill level 18 in Ranged Weapons
 15214 | D:12     | 15214 ||| DROPPING +4 ring of protection.
 15215 | D:12     | 15215 ||| UPGRADING to +6 ring of dexterity.
 15217 | D:12     | 15217 ||| UPGRADING to +0 swamp dragon scales.
 15322 | D:13     | Reached ****** piety under Okawaru
 15324 | D:13     | HP: 16/72 [vault guard/+8 long sword (7)]
 15325 | D:13     | 15325 ||| READING 4 scrolls of teleportation.
 15326 | D:13     | 15326 ||| DRINKING 4 potions of heal wounds.
 15492 | D:13     | 15492 ||| INVOKING Receive Weapon.
 15492 | D:13     | 15492 ||| ACQUIRING +1 hand cannon of electrocution
 15492 | D:13     | Acquired a +1 hand cannon of electrocution
 15492 | D:13     | Received a gift from Okawaru
 15493 | D:13     | 15493 ||| INVOKING Receive Armour.
 15493 | D:13     | 15493 ||| ACQUIRING +0 cloak "Anedavix" {rElec Str+3}
 15493 | D:13     | Acquired the +0 cloak "Anedavix" {rElec Str+3}
 15493 | D:13     | Received a gift from Okawaru
 15495 | D:13     | 15495 ||| SWAPPING to +1 hand cannon of electrocution.
 15496 | D:13     | 15496 ||| DROPPING +3 arbalest of draining.
 15514 | D:13     | Reached skill level 3 in Armour
 15518 | D:13     | Found a gate to the Vaults.
 15535 | D:13     | Received a gift from Okawaru
 15863 | D:13     | Identified the ring "Yrutiw" {rC- Will+ rCorr Int+4 Stlth+}
 15921 | D:13     | 15921 ||| RETREEEEATING.
 15923 | D:13     | 15923 ||| RETREEEEATING.
 15931 | D:13     | HP: 6/72 [meliai/divine providence (14)]
 15932 | D:13     | 15932 ||| READING 3 scrolls of teleportation.
 15932 | D:13     | Killed from afar by a meliai

Levels and vault maps discovered:
D:1:      roderic_crossed_star, layout_loops_ring, serial_park_tiny_2
D:2:      layout_rooms
D:3:      layout_basic, minitemple, serial_shops, nicolae_shop_gibbet_a_chance
D:4:      layout_cave_pods
D:5:      layout_loops_ring, palyth_temple_overflow_mages,
          minmay_temple_entry_proselytizer, serial_shops, nicolae_shop_stone,
          uniq_ijyb, uniq_menkaure
D:6:      wad_river_or_something, layout_basic, nicolae_ossuary_entry_ruins
D:7:      layout_basic
D:8:      layout_layer_cave, due_lair_maze_entry_diamond, kennysheep_dice
D:9:      layout_irregular_city, xom_butterflies, tso_altar, enter_bailey_2
D:10:     lemuel_ogre_cave, layout_loops_corners, orc_0_dummy, serial_shops,
          shop_coins
D:11:     layout_loops_cross
D:12:     layout_roguey, uniq_jorgrun, uniq_josephine
D:13:     layout_roguey [special_room_bee], erik_vaults_1, nicolae_letterblocks
          [nicolae_letter_subblock, nicolae_letter_subblock,
          nicolae_letter_subblock, nicolae_letter_subblock,
          nicolae_letter_subblock, nicolae_letter_subblock,
          nicolae_letter_subblock, nicolae_letter_subblock,
          nicolae_letter_subblock, nicolae_letter_subblock,
          nicolae_letter_subblock, nicolae_letter_subblock,
          nicolae_letter_subblock, nicolae_letter_subblock,
          nicolae_letter_subblock, nicolae_letter_subblock,
          nicolae_letter_subblock, nicolae_letter_subblock,
          nicolae_letter_subblock, nicolae_letter_subblock,
          nicolae_letter_subblock, nicolae_letter_subblock,
          nicolae_letter_subblock, nicolae_letter_subblock,
          nicolae_letter_subblock]
Temple:   eino_temple_lava
Lair:1:   layout_hall_layers, lemuel_fruit_fields, uniq_gastronok
Lair:2:   layout_roguey, elwin_shoals_entry_stream, gammafunk_ghost_arena,
          wad_woods_road_03, beast_lair_carwin_11, uniq_maggie
Lair:3:   layout_chaotic_city, minmay_snake_entry_six_corridors,
          nzn_masters_of_martial_movement, lemuel_fruit_fields,
          lemuel_fruit_tree
Lair:4:   layout_roguey
Lair:5:   cheibrodos_lair_end_hotspot, layout_hall_layers,
          minmay_slime_entry_pillars, basic_altar, small_statue_intersection,
          chequers_serial_rivers_room_b

Skill      XL: |  1  2  3  4  5  6  7  8  9 10 11 12 13 14 |
---------------+-------------------------------------------+-----
Dodging        | 3 4 5 6 7 8 11 12 13 15 17 18 | 18.1
Ranged Weapons | 5 6 7 8 9 10 12 13 15 16 18 | 18.0
Fighting       | 2 3 4 5 6 7 |  7.4
Invocations    | 2 4 6 10 | 10.0
Armour         | 1 2 3 |  3.0
Stealth        | |  1.5

Action                     |  1- 3 |  4- 6 |  7- 9 | 10-12 | 13-15 || total
---------------------------+-------+-------+-------+-------+-------++-------
   Fire: Shortbow          |   108 |   132 |   237 |       |       ||   477
         Arbalest          |       |       |    96 |   556 |   589 ||  1241
         Hand cannon       |       |       |       |       |    29 ||    29
 Invoke: Heroism           |       |       |     3 |     1 |       ||     4
         Finesse           |       |       |       |    12 |     3 ||    15
         Receive Weapon    |       |       |       |       |     1 ||     1
         Receive Armour    |       |       |       |       |     1 ||     1
  Evoke: Wand              |       |       |       |     3 |       ||     3
    Use: Scroll            |     8 |     7 |     7 |     9 |    12 ||    43
         Potion            |       |     1 |     1 |     3 |     1 ||     6
 Armour: Robe              |    11 |    32 |    74 |    36 |       ||   153
         Steam dragon scal |       |       |       |    63 |    82 ||   145
         Swamp dragon scal |       |       |       |       |    14 ||    14
  Dodge: Dodged            |    36 |   154 |   265 |   339 |   449 ||  1243
  Block: Other             |       |       |       |       |     2 ||     2

Table legend:
 A = Non-vault XP
 B = Vault XP
 C = Vault XP percentage of total XP
 D = Non-vault monster count
 E = Vault monster count
 F = Vault count percentage of total count
                 A         B        C        D         E       F
            +---------+---------+-------+---------+---------+-------
      Total |   57092 |   34218 |  37.5 |     353 |     135 |  27.7
            +---------+---------+-------+---------+---------+-------
        D:1 |      46 |       0 |   0.0 |      25 |       0 |   0.0
        D:2 |      15 |       0 |   0.0 |      10 |       0 |   0.0
        D:3 |     147 |       0 |   0.0 |      25 |       0 |   0.0
        D:4 |      64 |       0 |   0.0 |      13 |       0 |   0.0
        D:5 |     602 |     486 |  44.7 |      24 |      10 |  29.4
        D:6 |    1161 |     400 |  25.6 |      15 |       7 |  31.8
        D:7 |    1556 |       0 |   0.0 |      17 |       0 |   0.0
        D:8 |    4301 |    1621 |  27.4 |      34 |      11 |  24.4
        D:9 |    2213 |       0 |   0.0 |      30 |       0 |   0.0
       D:10 |    2212 |    7421 |  77.0 |      12 |      21 |  63.6
       D:11 |    2541 |       0 |   0.0 |      19 |       0 |   0.0
       D:12 |    4965 |    3768 |  43.1 |      13 |       7 |  35.0
       D:13 |    2174 |    2128 |  49.5 |       8 |       9 |  52.9
     Lair:1 |    6290 |    1481 |  19.1 |      25 |       1 |   3.8
     Lair:2 |    5947 |    5260 |  46.9 |      18 |      13 |  41.9
     Lair:3 |    7090 |    2769 |  28.1 |      23 |      10 |  30.3
     Lair:4 |    3952 |       0 |   0.0 |      12 |       0 |   0.0
     Lair:5 |   11816 |    8760 |  42.6 |      30 |      30 |  50.0
    Ossuary |       0 |     124 | 100.0 |       0 |      16 | 100.0
            +---------+---------+-------+---------+---------+-------
